 Dungeon Crawl Stone Soup version 0.13-a0-2940-gab44624 (webtiles) character file.

3428 Econoterrorist the Magician (level 9, -1/50 HPs)
             Began as a Deep Elf Fire Elementalist on Sept 4, 2013.
             Was a Follower of Vehumet.
             Slain by a staircase mimic (8 damage)
             ... on Level 8 of the Dungeon.
             The game lasted 01:04:06 (6428 turns).

Econoterrorist the Magician (DEFE)                  Turns: 6428, Time: 01:04:06

HP  -1/50        AC 10     Str  8      XL: 9   Next: 57%
MP   3/26        EV 11     Int 21      God: Vehumet [*.....]
Gold 369         SH  0     Dex 15      Spells:  7 memorised,  1 level left

Res.Fire  : + . .   See Invis. : .   R - +2,+1 elf dagger (speed)
Res.Cold  : + + .   Warding    : .   Q - +2 leather armour {rC+}
Life Prot.: . . .   Conserve   : .   (no shield)
Res.Poison: .       Res.Corr.  : .   H - +0 helmet
Res.Elec. : .       Clarity    : .   D - +0 elf cloak
Sust.Abil.: . .     Spirit.Shd : .   y - +0 pair of gauntlets
Res.Mut.  : .       Stasis     : .   P - +1 pair of boots
Res.Rott. : .       Flight     : .   (no amulet)
Saprovore : . . .                    t - ring of protection from fire
                                     a - ring of protection from cold {unknown}

@: somewhat resistant to hostile enchantments, stealthy
A: no striking features
a: Renounce Religion


You were on level 8 of the Dungeon.
You worshipped Vehumet.
Vehumet was most pleased with you.
You were hungry.

You visited 2 branches of the dungeon, and saw 9 of its levels.

You collected 349 gold pieces.

Inventory:

Hand weapons
 R - a +2,+1 elven dagger of speed (weapon)
 S - a +3,+0 elven short sword
Missiles
 d - 28 darts (quivered)
Armour
 e - a +2 robe of magic resistance
 y - a +0 pair of gauntlets (worn)
 D - a +0 elven cloak (worn)
 H - a +0 helmet (worn)
 P - a +1 pair of boots (worn)
 Q - a +2 leather armour of cold resistance (worn)
Magical devices
 J - a wand of draining (2)
 M - a wand of fireball (2)
 O - a wand of flame (7) {unknown}
Comestibles
 c - 3 bread rations
 q - 2 pears
 x - a meat ration
 A - a choko
Scrolls
 g - 2 scrolls of amnesia {unknown}
 i - 2 scrolls of teleportation {unknown}
 k - 2 scrolls of fear
 o - 2 scrolls of remove curse
 p - 4 scrolls of identify
 u - 3 scrolls of random uselessness {unknown}
 z - a scroll of blinking {unknown}
 B - a scroll of noise {unknown}
 C - a scroll of enchant weapon II {unknown}
 E - 2 scrolls of curse weapon {unknown}
 G - 2 scrolls of recharging {unknown}
 I - a scroll of magic mapping {unknown}
 N - a scroll of fog {unknown}
Jewellery
 a - a ring of protection from cold (left hand) {unknown}
 t - a ring of protection from fire (right hand)
Potions
 f - a potion of flight {unknown}
 h - a potion of curing
 j - 2 potions of resistance {unknown}
 l - 3 potions of might {unknown}
 n - 2 potions of slowing {unknown}
 s - 2 potions of poison {unknown}
 v - a potion of invisibility {unknown}
 w - 2 potions of heal wounds {unknown}
 K - a potion of restore abilities {unknown}
 L - a potion of speed {unknown}
Books
 b - a book of Flames

   Spells                             Type                      Level
   *Flame Tongue                      Conjuration/Fire             1
   *Throw Flame                       Conjuration/Fire             2
   *Conjure Flame                     Conjuration/Fire             3
   Inner Flame                        Hexes/Fire                   3
   *Sticky Flame                      Conjuration/Fire             4
   *Fireball                          Conjuration/Fire             5
 m - a book of Control

   Spells                             Type                      Level
   *Control Teleport                  Charms/Translocation         4
   Control Undead                     Necromancy                   4
   Enslavement                        Hexes                        4
   Mass Confusion                     Hexes                        6
   Metabolic Englaciation             Hexes/Ice                    6
 r - a book of Conjurations

   Spells                             Type                      Level
   Magic Dart                         Conjuration                  1
   *Searing Ray                       Conjuration                  2
   Dazzling Spray                     Conjuration/Hexes            3
   Iskenderun's Mystic Blast          Conjuration                  4
   Iskenderun's Battlesphere          Conjuration/Charms           4
   Fulminant Prism                    Conjuration/Hexes            5


   Skills:
 * Level 5.6 Fighting
 - Level 0.9 Throwing
 - Level 2.7 Dodging
 - Level 2.4 Stealth
 - Level 7.0 Spellcasting
 - Level 6.1 Conjurations
 - Level 6.7 Charms
 - Level 5.0 Translocations
 - Level 6.3 Fire Magic


You had one spell level left.
You knew the following spells:

 Your Spells              Type           Power        Failure   Level  Hunger
a - Flame Tongue          Conj/Fire      ####.        1%          1    None
b - Throw Flame           Conj/Fire      ####..       1%          2    None
c - Conjure Flame         Conj/Fire      ####....     1%          3    #......
d - Sticky Flame          Conj/Fire      ####....     8%          4    ###....
e - Fireball              Conj/Fire      ####......   21%         5    #####..
f - Control Teleport      Chrm/Tloc      ####......   10%         4    ###....
g - Searing Ray           Conj           ####..       1%          2    None


Dungeon Overview and Level Annotations

Branches:
Dungeon (8/27)             Temple (1/1) D:5
    Orc: D:6-11        Lair: D:8-13

Altars:
Ashenzari
Cheibriados
Nemelex Xobeh
Okawaru
Vehumet
Yredelemnul
Zin
the Shining One


Message History

* * * LOW HITPOINT WARNING * * *
You are poisoned.
The staircase mimic poisons you!
The staircase mimic completely misses you.
The staircase mimic burns!
The staircase mimic burns!
Read which item? (? for menu, Esc to quit)
As you read the scroll of fear, it crumbles to dust.
You assume a fearsome visage.
The staircase mimic is unaffected.
* * * LOW HITPOINT WARNING * * *
You feel sick.
The staircase mimic burns!
The staircase mimic hits you.
* * * LOW HITPOINT WARNING * * *
The staircase mimic hits you.
* * * LOW HITPOINT WARNING * * *
The staircase mimic barely misses you.
Drink which item? (? for menu, Esc to quit)
You feel better.
The staircase mimic hits you but does no damage.
The staircase mimic hits you!
You die...

.#.#...#.#############.##
........................##
.........#...............#
...#....<##...#####.##...#
##.#.##.)......####.# #
##.#....%<..........#
.#.#................#
...............)....#
.......#..###..>@##.#
#.........##..#####.#
####......##### #.#
#......# #.# #..##..# ..#
...##..# . ...##..# ...
#..#


You could see a staircase mimic (burning).

Vanquished Creatures
  Erolcha (D:8)
  Pikel (D:5)
  Grinder (D:4)
  Prince Ribbit (D:7)
  Eustachio (D:7)
  Edmund (D:7)
  A manticore (D:5)
  A sky beast (D:6)
  Sigmund (D:5)
  Duvessa (D:7)
  2 giant frogs
  3 ogres
  5 wights (D:6)
  A slave (D:5)
  Dowan (D:7)
  2 hounds
  A jelly (D:5)
  3 orc wizards (D:4)
  A worker ant (D:4)
  3 iguanas
  An orc priest (D:5)
  Ijyb (D:5)
  2 hound skeletons
  5 adders
  4 gnolls (D:4)
  A giant mite (D:5)
  2 worms
  An ufetubus (D:7)
  An iguana zombie (D:7)
  An iguana skeleton (D:6)
  2 giant eyeballs
  5 giant geckos
  17 orcs
  4 ball pythons
  11 bats
  6 giant cockroaches
  9 goblins
  11 hobgoblins
  9 jackals
  4 quokkas
  5 giant newts
  6 kobolds
  14 rats
  A spectral orc (D:2)
155 creatures vanquished.

Vanquished Creatures (others)
  A slave (D:5)
  A hound (D:5)
  A goblin (D:5)
  15 toadstools (D:8)
18 creatures vanquished.

Grand Total: 173 creatures vanquished

Notes
Turn   | Place    | Note
--------------------------------------------------------------
     0 | D:1      | Econoterrorist, the Deep Elf Fire Elementalist, began the quest for the Orb.
     0 | D:1      | Reached XP level 1. HP: 10/10 MP: 4/4
   217 | D:1      | Reached XP level 2. HP: 7/15 MP: 1/7
   227 | D:1      | Learned a level 2 spell: Throw Flame
   750 | D:1      | Reached skill level 4 in Fire Magic
   816 | D:1      | Reached XP level 3. HP: 12/19 MP: 1/10
   821 | D:1      | Learned a level 3 spell: Conjure Flame
  1536 | D:2      | Found a basalt altar of Yredelemnul.
  2328 | D:3      | Reached XP level 4. HP: 24/24 MP: 13/13
  2334 | D:3      | Learned a level 4 spell: Sticky Flame
  2724 | D:4      | Noticed Grinder
  2732 | D:4      | Paralysed by Grinder for 2 turns
  2739 | D:4      | Killed Grinder
  2739 | D:4      | Reached skill level 6 in Spellcasting
  2739 | D:4      | Reached skill level 5 in Fire Magic
  2739 | D:4      | Reached XP level 5. HP: 25/28 MP: 0/19
  2739 | D:4      | Reached XP level 6. HP: 28/32 MP: 0/21
  2870 | D:3      | Learned a level 5 spell: Fireball
  2940 | D:4      | Reached skill level 7 in Spellcasting
  3125 | D:4      | Noticed an ogre
  3312 | D:4      | Killed an ogre
  3320 | D:4      | Reached XP level 7. HP: 36/36 MP: 12/23
  3465 | D:4      | Paralysed by a giant eyeball for 4 turns
  3531 | D:5      | Entered Level 5 of the Dungeon
  3699 | D:5      | Noticed Pikel
  3711 | D:5      | Killed Pikel
  3711 | D:5      | Reached skill level 5 in Conjurations
  3962 | D:5      | Found a staircase to the Ecumenical Temple.
  3966 | D:5      | Noticed Sigmund
  3974 | D:5      | Killed Sigmund
  3974 | D:5      | Reached XP level 8. HP: 35/41 MP: 15/25
  3980 | D:5      | Learned a level 4 spell: Control Teleport
  3986 | Temple   | Entered the Ecumenical Temple
  4003 | Temple   | Became a worshipper of Vehumet
  4096 | D:5      | Reached skill level 1 in Charms
  4096 | D:5      | Reached skill level 1 in Translocations
  4108 | D:5      | Noticed Ijyb
  4125 | D:5      | Killed Ijyb
  4802 | D:6      | Acquired Vehumet's first power
  4802 | D:6      | Offered knowledge of Sandblast by Vehumet.
  4802 | D:6      | Reached skill level 5 in Charms
  5086 | D:7      | Noticed Eustachio
  5097 | D:7      | Killed Eustachio
  5097 | D:7      | Reached skill level 5 in Translocations
  5218 | D:7      | Noticed Dowan
  5219 | D:7      | Noticed Duvessa
  5224 | D:7      | Killed Duvessa
  5224 | D:7      | Reached skill level 1 in Fighting
  5224 | D:7      | Killed Dowan
  5318 | D:7      | Noticed Prince Ribbit
  5329 | D:7      | Killed Prince Ribbit
  5329 | D:7      | Reached XP level 9. HP: 45/47 MP: 19/26
  5394 | D:7      | Learned a level 2 spell: Searing Ray
  5535 | D:7      | Found a snail-covered altar of Cheibriados.
  5543 | D:7      | Noticed Edmund
  5565 | D:7      | Killed Edmund
  5967 | D:8      | Found a staircase to the Lair.
  5986 | D:8      | Noticed Erolcha
  6031 | D:8      | HP: 1/48 [it/fireball (11)]
  6344 | D:8      | Killed Erolcha
  6344 | D:8      | Reached skill level 5 in Fighting
  6418 | D:8      | the staircase to the Lair was a mimic.
  6427 | D:8      | HP: 2/50 [staircase mimic (5)]
  6428 | D:8      | Slain by a staircase mimic

Action                   |  1- 3 |  4- 6 |  7- 9 || total
-------------------------+-------+-------+-------++-------
Melee: Club              |    26 |       |       ||    26
       Dagger            |     2 |     2 |     9 ||    13
       Falchion          |     1 |       |       ||     1
Throw: Dart              |    38 |    14 |     1 ||    53
 Cast: Flame Tongue      |    77 |    45 |    94 ||   216
       Sticky Flame      |       |     1 |    34 ||    35
       Throw Flame       |       |    11 |    28 ||    39
       Fireball          |       |       |     8 ||     8
       Searing Ray       |       |       |     2 ||     2
Evoke: Wand              |       |     2 |     5 ||     7
  Use: Scroll            |       |       |     4 ||     4
       Potion            |       |       |     3 ||     3
